 Dungeon Crawl Stone Soup version 0.32-a0-931-g5a2cda0630 (webtiles) character file.

Game seed: 3623436448493834360

6255 Meejax the Slicer (level 10, -2/79 HPs)
             Began as a Demonspawn Gladiator on Apr 13, 2024.
             Was a High Priest of Makhleb.
             Slain by a manticore (6 damage)
             ... on level 9 of the Dungeon.
             The game lasted 00:17:59 (8851 turns).

Meejax the Slicer (Demonspawn Gladiator)            Turns: 8851, Time: 00:18:00

Health: -2/79      AC:  4    Str: 15    XL:     10   Next: 62%
Magic:  0/15       EV: 15    Int:  8    God:    Makhleb [*****.]
Gold:   475        SH:  0    Dex: 19    Spells: 14/14 levels left

rFire   . . .        g - +4 short sword (speed)
rCold   . . .        (no shield)
rNeg    . . .        z - +1 leather armour {rPois}
rPois   +            c - +0 helmet
rElec   .            q - +2 cloak {Will+}
rCorr   .            (no gloves)
SInv    .            (no boots)
Will    +....        (no amulet)
Stlth   ++           l - +4 ring of slaying
HPRegen 0.33/turn    (no ring)
MPRegen 0.28/turn

%: guardian spirit
@: corroded
A: hooves 1, yellow scales 2, magic shield, magic regeneration, magic link, high
MP 1, passive freeze, screaming 1
a: Renounce Religion, Minor Destruction, Lesser Servant of Makhleb, Major
Destruction, Greater Servant of Makhleb


You were on level 9 of the Dungeon.
You worshipped Makhleb.
Makhleb was extremely pleased with you.
You visited 2 branches of the dungeon, and saw 10 of its levels.
You also visited: Ossuary.

You collected 475 gold pieces.

Inventory:

Hand Weapons
 a - a +0 long sword of chaos
 g - a +4 short sword of speed (weapon)
Missiles
 e - a javelin
 v - 3 throwing nets (quivered)
Armour
 b - a +0 leather armour
 c - a +0 helmet (worn)
 q - a +2 cloak of willpower (worn)
 u - a +0 cloak
 z - a +1 leather armour of poison resistance (worn)
Jewellery
 l - a +4 ring of slaying (left hand)
 o - a +6 ring of intelligence
 p - a ring of positive energy
 t - a ring of flight
Talismans
 w - a serpent talisman
Wands
 d - a wand of quicksilver (6)
 f - a wand of polymorph (13)
 k - a wand of paralysis (3)
Scrolls
 s - 4 scrolls of noise
 x - a scroll of enchant weapon
 y - 2 scrolls of fog
 A - a scroll of revelation
 C - a scroll of enchant armour {unknown}
 D - a scroll of silence {unknown}
 E - a scroll of identify
Potions
 h - 4 potions of brilliance
 i - 3 potions of might
 j - 2 potions of attraction
 m - a potion of heal wounds
 n - 3 potions of enlightenment
 r - a potion of berserk rage
 B - a potion of cancellation


   Skills:
 + Level 7.3 Fighting
 + Level 9.6(9.8) Short Blades
 - Level 2.8(6.7) Long Blades
 + Level 2.2 Throwing
 + Level 5.3 Armour
 + Level 6.8 Dodging
 - Level 0.3 Stealth
 + Level 1.3 Unarmed Combat
 + Level 2.9 Spellcasting


You had 14 spell levels left.
You didn't know any spells.
Your spell library contained the following spells:

 Spells                   Type           Power      Damage    Failure   Level
 Slow                     Hex            4%         N/A       36%         1
 Confusing Touch          Hex            1%         N/A       75%         3
 Passwall                 Erth           1%         N/A       75%         3
 Vampiric Draining        Necr           1%         2d6       75%         3
 Volatile Blastmotes      Fire/Tloc      2%         2d10      75%         3
 Vhi's Electric Charge    Tloc/Air       2%         N/A       98%         4
 Bombard                  Conj/Erth      0%         9d1       100%        6


Dungeon Overview and Level Annotations

Branches:
Dungeon (9/15)             Temple (1/1) D:5         Ossuary (visited)
   Lair: D:8-11         Orc: D:9-12

Altars:
Ashenzari
Cheibriados
Dithmenos
Hepliaklqana
Makhleb
Nemelex Xobeh
Okawaru
Ru
Trog
Uskayaw
Vehumet
Wu Jian
Xom
Yredelemnul

Shops:
D:7 (


Innate Abilities, Weirdness & Mutations

You have large cloven feet.
You are mostly covered in yellow scales. (AC +3)
When hurt, damage is shared between your health and your magic reserves.
You regenerate magic rapidly.
When low on magic, you restore magic in place of health.
You have an increased reservoir of magic. (+10% MP)
A frigid envelope surrounds you and freezes all who hurt you.
You occasionally shout uncontrollably at your foes.


Message History

The slime creature is severely wounded.
A freezing wraith comes into view.
You puncture the slime creature! You kick the slime creature.
You kill the slime creature!
Makhleb accepts your kill.
You feel better.
You hit the howler monkey simulacrum. You kick the howler monkey simulacrum.
The howler monkey simulacrum is severely damaged.
You barely miss the howler monkey simulacrum.
The howler monkey simulacrum is severely damaged.
The howler monkey simulacrum closely misses you.
You puncture the howler monkey simulacrum!
The howler monkey simulacrum vaporises!
Makhleb accepts your kill.
You feel better.
Okay, then.
The acid dragon spits acid at you. The splash of acid hits you.
The acid corrodes you!
You hear a shout!
You hear a howl!
The manticore bites you!
The manticore is very cold.
The manticore is lightly wounded.
The manticore closely misses you. The manticore barely misses you.
The acid dragon spits acid at you. The splash of acid hits you!!
The acid corrodes you!
You hear a howl!
Things that are here:
a +3 short sword; a +0 robe
As you read the scroll of fog, it dissolves into smoke.
The manticore bites you!
* * * LOW HITPOINT WARNING * * *
The manticore is very cold.
The manticore is lightly wounded.
The manticore closely misses you. The manticore misses you.
The manticore attacks as it pursues you!
The manticore bites you!!
* * * LOW HITPOINT WARNING * * *
The manticore is very cold.
The manticore is lightly wounded.
The manticore claws you!
You die...

#...#.##.#......)).#
#...
#...#.##.#........##
##..
#...#.##>#........# ..
####'#....####...###.##
#.....######...###..[.#
#..##.####...###$§#...#
#..##.##...###§§#§D.#
#..##....###.)#§H§#
#......##'.)#.§@#W§..#
######...###..#§.§#.#.#
#.......###..#...#
#.........###[.#...#
#...........###..).#
#########.... ##..#
#### ..#


You could see a manticore.

Vanquished Creatures
  Maurice (D:7)
  A troll (D:9)
  A hornet (D:9)
  Grinder (D:6)
  A slime creature (D:9)
  2 wyverns
  2 steam dragons
  An acid dragon (D:9)
  Duvessa (D:5)
  4 water moccasins (D:7)
  4 orc warriors
  2 ice beasts
  2 black bears
  A sky beast (D:8)
  2 ogres (D:7)
  A centaur (D:7)
  2 kobold brigands (D:6)
  An elf zombie (Ossuary)
  3 gnoll sergeants
  4 bullfrogs
  3 scorpions
  7 wights
  Dowan (D:5)
  A troll zombie (Ossuary)
  2 killer bees
  A howler monkey (D:9)
  An electric eel (D:7)
  A centaur zombie (Ossuary)
  3 hounds
  Crazy Yiuf (D:7)
  2 jellies (D:6)
  A bombardier beetle (D:7)
  6 iguanas
  9 orc priests
  9 orc wizards
  3 ogre zombies (Ossuary)
  7 mummies (Ossuary)
  4 gnolls (D:6)
  10 adders
  A shadow imp (D:5)
  A howler monkey simulacrum (D:9)
  2 ufetubi (D:5)
  5 adder zombies (Ossuary)
  4 ribbon worms
  A dart slug (D:1)
  40 orcs
  6 ball pythons
  2 bats
  6 endoplasms
  4 giant cockroaches
  4 goblins
  13 hobgoblins
  14 kobolds
  6 quokkas
  5 frilled lizards
  A gnoll zombie (Ossuary)
  5 goblin zombies (Ossuary)
  4 hobgoblin zombies (Ossuary)
  3 kobold zombies (Ossuary)
  4 quokka zombies (Ossuary)
  6 rats
  2 rat zombies (Ossuary)
248 creatures vanquished.

Notes
Turn   | Place    | Note
-------+----------+-------------------------------------------
     0 | D:1      | Meejax the Demonspawn Gladiator began the quest for the
                  | Orb.
     0 | D:1      | Reached XP level 1. HP: 16/16 MP: 1/1
   141 | D:1      | Gained mutation: You regenerate magic rapidly. [demonic
                  | ancestry]
   141 | D:1      | Reached XP level 2. HP: 18/22 MP: 2/2
   444 | D:1      | Found a faded altar of an unknown god.
   610 | D:1      | Prayed at the altar of an unknown god.
   610 | D:1      | Became a worshipper of Makhleb the Destroyer
   610 | D:1      | Reached * piety under Makhleb
   666 | D:2      | Gained mutation: You have large cloven feet. [demonic
                  | ancestry]
   666 | D:2      | Reached XP level 3. HP: 27/27 MP: 3/3
   975 | D:2      | Reached skill level 1 in Short Blades
   983 | D:2      | Reached skill level 1 in Spellcasting
   983 | D:2      | Reached XP level 4. HP: 34/34 MP: 5/5
  1045 | D:2      | Reached ** piety under Makhleb
  1082 | D:2      | Noticed a scorpion
  1093 | D:2      | Killed a scorpion
  1094 | D:2      | Reached skill level 1 in Armour
  1388 | D:3      | Gained mutation: When hurt, damage is shared between your
                  | health and your magic reserves. [demonic ancestry]
  1388 | D:3      | Reached XP level 5. HP: 39/39 MP: 7/7
  1567 | D:3      | Found a radiant altar of Vehumet.
  1755 | D:3      | Reached skill level 2 in Short Blades
  2610 | D:4      | Gained mutation: Your flesh is cold resistant. (rC+)
                  | [potion of mutation]
  2610 | D:4      | Gained mutation: You occasionally shout uncontrollably at
                  | your foes. [potion of mutation]
  2610 | D:4      | Gained mutation: You have hoof-like feet. [potion of
                  | mutation]
  2611 | D:4      | Lost mutation: You have hoof-like feet. [potion of
                  | mutation]
  2611 | D:4      | Lost mutation: Your flesh is cold resistant. (rC+) [potion
                  | of mutation]
  2611 | D:4      | Gained mutation: You have an increased reservoir of magic.
                  | (+10% MP) [potion of mutation]
  2611 | D:4      | Gained mutation: A frigid envelope surrounds you and
                  | freezes all who hurt you. [potion of mutation]
  3257 | D:5      | Entered Level 5 of the Dungeon
  3288 | D:5      | Found a basalt altar of Yredelemnul.
  3310 | D:5      | Noticed Duvessa
  3310 | D:5      | Noticed Dowan
  3320 | D:5      | Killed Dowan
  3321 | D:5      | Gained mutation: You are partially covered in yellow
                  | scales. (AC +2) [demonic ancestry]
  3321 | D:5      | Reached XP level 6. HP: 40/46 MP: 7/9
  3504 | D:5      | Noticed an ice beast
  3513 | D:5      | Killed an ice beast
  3514 | D:5      | Reached skill level 3 in Short Blades
  3592 | D:5      | Reached *** piety under Makhleb
  3892 | D:5      | Killed Duvessa
  3893 | D:5      | Reached XP level 7. HP: 36/52 MP: 7/12
  4022 | D:5      | Found a staircase to the Ecumenical Temple.
  4334 | Temple   | Entered the Ecumenical Temple
  4426 | D:6      | Noticed Grinder
  4437 | D:6      | Killed Grinder
  4438 | D:6      | Reached skill level 4 in Short Blades
  4471 | D:6      | Reached skill level 1 in Unarmed Combat
  4471 | D:6      | Reached XP level 8. HP: 53/60 MP: 10/13
  4503 | D:6      | Reached skill level 5 in Short Blades
  4539 | D:6      | Found a sand-covered staircase.
  4543 | Ossuary  | Entered an ossuary
  4759 | Ossuary  | Reached **** piety under Makhleb
  5261 | D:6      | Reached skill level 6 in Short Blades
  5625 | D:6      | Reached skill level 5 in Fighting
  5823 | D:6      | Reached skill level 5 in Dodging
  5849 | D:6      | Gained mutation: When low on magic, you restore magic in
                  | place of health. [demonic ancestry]
  5849 | D:6      | Reached XP level 9. HP: 67/68 MP: 14/14
  6060 | D:7      | Reached ***** piety under Makhleb
  6270 | D:7      | Reached skill level 7 in Short Blades
  6364 | D:7      | Noticed Maurice
  6449 | D:7      | Found a runed translucent door.
  6450 | D:7      | Noticed Crazy Yiuf
  6458 | D:7      | Killed Crazy Yiuf
  6811 | D:7      | Identified the flux talisman "Hation" {rElec rF+++ Will-
                  | Stlth-}
  6858 | D:7      | Maurice stole a serpent talisman
  6870 | D:7      | Killed Maurice
  6871 | D:7      | Reached skill level 8 in Short Blades
  7285 | D:7      | Gained mutation: You are mostly covered in yellow scales.
                  | (AC +3) [demonic ancestry]
  7285 | D:7      | Reached XP level 10. HP: 68/77 MP: 11/15
  7360 | D:7      | Found Fuatad's Antique Weapon Shoppe.
  7929 | D:8      | Found a broken altar of Ashenzari.
  8151 | D:8      | Reached skill level 9 in Short Blades
  8664 | D:9      | Reached skill level 5 in Armour
  8841 | D:9      | Noticed a manticore
  8851 | D:9      | Slain by a manticore

Illustrated notes

Levels and vault maps discovered:
D:1:      minmay_arrival_jagged, layout_basic, chequers_ecumenical_altar_simple
D:2:      layout_basic
D:3:      layout_basic, vehumet_altar_wand_db
D:4:      layout_gridville
D:5:      kb_forest_paths, layout_basic, mainiacjoe_overflow_small_starburst,
          serial_glass, glass_columns_a, glass_columns_c, uniq_duvessa
D:6:      cheibrodos_thug_alley, layout_basic, enter_ossuary_5,
          amcnicky_mini_rare_corridor_liquid, uniq_grinder
D:7:      layout_basic, serial_shops, nicolae_shop_waterfront,
          serial_park_tiny_pond, serial_bayou_pond_b, minmay_joined_circles,
          uniq_maurice, uniq_crazy_yiuf_cottage
D:8:      layout_loops_cross, nicolae_ashenzari_skybound
D:9:      minmay_the_grid_four_pointed_star_mashed
          [minmay_the_grid_triangle_9x9_tough_junction,
          minmay_the_grid_triangle_9x9_intruding_spiral,
          minmay_the_grid_triangle_9x9_sparse_checkered,
          minmay_the_grid_triangle_9x9_semitri,
          minmay_the_grid_prize_four_corners_diamond_b], layout_stronghold,
          grunt_temple_overflow_growth_and_decay,
          gammafunk_temple_overflow_wave, mainiacjoe_overflow_two_lobes,
          uniq_grum, uniq_erica, uniq_erolcha
Temple:   compressed_dpeg_triangle_lava_temple

Skill      XL: |  1  2  3  4  5  6  7  8  9 10 |
---------------+-------------------------------+-----
Dodging        | 3 4 5 6 |  6.8
Throwing       | 2 |  2.2
Short Blades   | 1 2 3 4 6 8 9 |  9.6
Spellcasting   | 1 2 |  2.9
Armour         | 1 2 3 4 5 |  5.3
Fighting       | 3 4 5 6 7 |  7.3
Unarmed Combat | 1 |  1.3
Long Blades    | |  2.8
Stealth        | |  0.3

Action                     |  1- 3 |  4- 6 |  7- 9 | 10-12 || total
---------------------------+-------+-------+-------+-------++-------
  Melee: Short sword       |    89 |   146 |   343 |   137 ||   715
         Kick              |     8 |    40 |   122 |    40 ||   210
         Unarmed           |       |     9 |       |       ||     9
  Throw: Throwing net      |       |     1 |     2 |       ||     3
    Use: Scroll            |       |    11 |     7 |     2 ||    20
         Potion            |       |     2 |     9 |       ||    11
   Stab: Distracted        |     1 |       |       |       ||     1
         Sleeping          |       |       |     4 |     1 ||     5
 Armour: Leather armour    |    32 |    55 |   132 |    69 ||   288
         Skin              |       |     2 |       |       ||     2
  Dodge: Dodged            |    57 |    73 |   132 |    48 ||   310

Table legend: (Time is in decaauts)
 A = Elapsed time spent in this place.
 B = Non-inter-level travel time spent in this place.
 C = Inter-level travel time spent in this place.
 D = Time resting spent in this place.
 E = Time spent auto-exploring this place.
 F = Levels seen in this place.
 G = Mean time per level.
                   A        B        C        D        E       F      G
               +--------+--------+--------+--------+--------+-----+--------+
         Total |   8482 |   7999 |    483 |    383 |   5990 |  11 |  771.1 |
       Dungeon |   7887 |   7404 |    483 |    383 |   5554 |   9 |  876.3 |
        Temple |      1 |      1 |      0 |      0 |      0 |   1 |    1.0 |
       Ossuary |    593 |    593 |      0 |      0 |    436 |   1 |  593.0 |
               +--------+--------+--------+--------+--------+-----+--------+

Top non-repeatable levels by time:
     D:7: 1386 daAuts
     D:6: 1272 daAuts
     D:5: 1058 daAuts
     D:4: 980 daAuts
     D:3: 866 daAuts
     D:2: 786 daAuts
     D:8: 659 daAuts
     D:1: 616 daAuts
 Ossuary: 593 daAuts
     D:9: 261 daAuts
  Temple: 1 daAuts
